 Dungeon Crawl Stone Soup version 0.23.2 (webtiles) character file.

Game seed: 9822600558704548833

97 Leeroy the Digger (level 5, -3/35 HPs)
             Began as a Formicid Earth Elementalist on Apr 12, 2019.
             Slain by an ogre
             ... wielding a +0 giant spiked club
              (17 damage)
             ... on level 2 of the Dungeon.
             The game lasted 00:07:19 (2184 turns).

Leeroy the Digger (Formicid Earth Elementalist)     Turns: 2184, Time: 00:07:20

Health: -3/35      AC:  5    Str: 14    XL:     5   Next: 0%
Magic:  8/8        EV: 11    Int: 14    God:
Gold:   110        SH:  0    Dex: 11    Spells: 2/8 levels left

rFire    . . .     SeeInvis +   q - +0 short sword
rCold    . . .     Gourm    .   (no shield)
rNeg     . . .     Faith    .   s - +0 ring mail
rPois    .         Spirit   .   (helmet unavailable)
rElec    .         Reflect  .   (no cloak)
rCorr    .         Harm     .   (no gloves)
MR       .....                  (no boots)
Stlth    +.........             (no amulet)
HPRegen  0.11/turn              (no ring)
MPRegen  0.11/turn              (no ring)

@: very slightly contaminated
A: permanent stasis, dig shafts and tunnels, four strong arms, antennae 3
a: Dig, Shaft Self


You were on level 2 of the Dungeon.
You were not hungry.

You visited 1 branch of the dungeon, and saw 2 of its levels.

You collected 110 gold pieces.

Inventory:

Hand Weapons
 h - a +0 dagger
 j - a +0 whip
 l - a +0 shortbow
 m - a +0 mace
 n - a +0 spear
 q - a +0 short sword (weapon)
 u - a +0 hunting sling
Missiles
 b - 50 stones (quivered)
Armour
 c - a +0 robe
 f - a +0 chain mail
 s - a +0 ring mail (worn)
Jewellery
 e - a +5 ring of intelligence {unknown}
Scrolls
 a - a scroll of identify {unknown}
 g - a scroll of magic mapping {unknown}
 k - 3 scrolls of teleportation {unknown}
 o - a scroll of enchant weapon {unknown}
 p - a scroll of blinking {unknown}
Potions
 i - a potion of brilliance {unknown}
 r - 2 potions of might {unknown}
Comestibles
 d - 6 rations
 t - 2 chunks of flesh


   Skills:
 * Level 0.7 Short Blades
 - Level 1.4 Armour
 - Level 1.8 Dodging
 - Level 3.0 Stealth
 - Level 2.2 Spellcasting
 * Level 0.5 Conjurations
 + Level 1.1 Transmutations
 - Level 5.4 Earth Magic


You had 2 spell levels left.
You knew the following spells:

 Your Spells              Type           Power        Failure   Level  Hunger
a - Sandblast             Erth           ###...       4%          1    #......
b - Stone Arrow           Conj/Erth      #.....       38%         3    ###....
c - Passwall              Tmut/Erth      ##......     19%         2    ###....

Your spell library contained the following spells:

 Spells                   Type           Power        Failure   Level  Hunger
 Petrify                  Tmut/Erth      ##......     77%         4    #####..
 Lee's Rapid Deconstruct  Erth           ###.......   80%         5    ######.


Dungeon Overview and Level Annotations

Branches:
Dungeon (2/15)

Altars:


Innate Abilities, Weirdness & Mutations

You cannot be hasted, slowed, berserked, paralysed or teleported.
You can dig through walls and to a lower floor.
Your four strong arms can wield two-handed weapons with a shield.
You have a pair of large antennae on your head. (SInv)


Message History

t - 2 chunks of flesh (gained 1)
You see here a rat skeleton.
Okay, then.
The ogre shouts!
The ogre is too close now for your liking.
Items here: )) ÷ † a +0 dagger x2; a goblin skeleton; a kobold corpse
Okay, then.
Casting: Sandblast (safe; 4% risk of failure)
Confirm with . or Enter, or press ? or * to list all spells.
Aiming: Passwall (safe; 19% risk of failure)
Press: ? - help, Dir - move target cursor A rock wall.
You miscast Passwall.
You are very lightly contaminated with residual magic.
You feel momentarily lethargic.
The ogre hits you with a +0 giant spiked club!!
Ouch! That really hurt!
The ogre hits you with a +0 giant spiked club!
You die...

#.........#..................
#.........#..................
#.........#..................
#.........#.......###........
#.....#####.......# #........
#.....#####.......# #........
#.....##..........# #........
#.....##.....O....# #........
#...........@.##### #........
#.............# #........
#.............# #........
########......# #........
#.)....# #........ #......#
######### #......# #......#
#......#


You could see an ogre.

Vanquished Creatures
  3 gnolls (D:2)
  2 adders (D:2)
  A worm (D:2)
  2 dart slugs (D:1)
  A leopard gecko (D:1)
  A ball python (D:1)
  2 giant cockroaches
  4 goblins
  8 hobgoblins
  4 kobolds
  3 bats
  5 frilled lizards
  8 rats
44 creatures vanquished.

Notes
Turn   | Place    | Note
-------+----------+-------------------------------------------
     0 | D:1      | Leeroy the Formicid Earth Elementalist began the quest for
                  | the Orb.
     0 | D:1      | Reached XP level 1. HP: 13/13 MP: 3/3
    45 | D:1      | Reached skill level 4 in Earth Magic
    45 | D:1      | Reached XP level 2. HP: 14/19 MP: 0/5
   505 | D:1      | Reached XP level 3. HP: 12/24 MP: 4/6
   533 | D:1      | Learned a level 3 spell: Stone Arrow
   536 | D:1      | Learned a level 2 spell: Passwall
  1065 | D:2      | Reached skill level 1 in Armour
  1428 | D:2      | Noticed an ogre
  1445 | D:2      | Reached skill level 5 in Earth Magic
  1445 | D:2      | Reached XP level 4. HP: 30/30 MP: 4/7
  2096 | D:2      | Reached XP level 5. HP: 35/35 MP: 8/8
  2184 | D:2      | Slain by an ogre

Skill      XL: |  1  2  3  4 |
---------------+-------------+-----
Earth Magic    | 4 5 |  5.4
Armour         | 1 |  1.4
Stealth        | 3 |  3.0
Short Blades   | |  0.7
Dodging        | |  1.8
Spellcasting   | |  2.2
Conjurations   | |  0.5
Transmutations | |  1.1

Action                   |  1- 3 |  4- 6 || total
-------------------------+-------+-------++-------
Melee: Unarmed           |    21 |       ||    21
       Dagger            |    23 |    23 ||    46
       Whip              |    14 |     7 ||    21
       Short sword       |       |     9 ||     9
 Cast: Sandblast         |    26 |    20 ||    46
 Stab: Sleeping          |     4 |     2 ||     6
  Eat: Chunk             |     2 |     3 ||     5
Armor: Robe              |     6 |     2 ||     8
       Ring mail         |       |     3 ||     3
Dodge: Dodged            |    53 |    24 ||    77
